[Event "December 12 Early 2023"]
[Site "https://www.chess.com"]
[Date "2023.12.12"]
[Round "5"]
[White "Gabrielian, Artur"]
[Black "Yaniuk, Volodymyr"]
[Result "0-1"]
[Board "51"]
[TimeControl "180+1"]
[WhiteFideId "4131002"]
[BlackFideId "14133083"]
[WhiteElo "2782"]
[BlackElo "2522"]
[WhiteTeam "RUS"]
[BlackTeam "UKR"]
[WhiteClock "0:00:00"]
[BlackClock "0:00:14"]

1. e4 e5 2. Nf3 Nc6 3. Nc3 Nf6 4. Bb5 Bb4 5. O-O O-O 6. d3 Bxc3 7. bxc3 d6 8. Re1 h6 9. d4 Bd7 10. d5 Ne7 11. Bd3 Ng6 12. c4 b6 13. Nd2 Bg4 14. f3 Bd7 15. g3 Nh7 16. Nf1 f5 17. exf5 Bxf5 18. h4 Qf6 19. Nh2 Rae8 20. Be4 Qf7 21. Rf1 Qd7 22. Be3 Bxe4 23. fxe4 Qh3 24. Qg4 Qxg4 25. Nxg4 h5 26. Nh2 Rxf1+ 27. Nxf1 Nf6 28. Nd2 Ng4 29. Re1 Nf8 30. Kg2 Nd7 31. Bg1 Rf8 32. Nf3 Rc8 33. Re2 c6 34. Ng5 Nf8 35. a4 cxd5 36. exd5 Rxc4 37. Ne4 Rxa4 38. Nxd6 Nd7 39. Ne4 Ngf6 40. Nxf6+ gxf6 41. Rd2 Rc4 42. Be3 a5 43. Kf3 a4 44. Ke2 b5 45. Rd1 Rxc2+ 46. Kd3 Rb2 47. Rc1 Kf7 48. Rc7 Ke8 49. Rc8+ Ke7 50. Ra8 Rb3+ 51. Ke4 f5+ 52. Kf3 Kd6 53. Ke2 Kxd5 54. Rd8 Ke4 55. Bg5 Nb6 0-1

[Event "December 12 Early 2023"]
[Site "https://www.chess.com"]
[Date "2023.12.12"]
[Round "5"]
[White "Shevchuk, Olexandr"]
[Black "Shuvalova, Polina"]
[Result "0-1"]
[Board "52"]
[TimeControl "180+1"]
[WhiteFideId "14113775"]
[BlackFideId "24171760"]
[WhiteElo "2474"]
[BlackElo "2775"]
[WhiteTeam "UKR"]
[BlackTeam "RUS"]
[WhiteClock "0:01:07"]
[BlackClock "0:01:08"]

1. d4 Nf6 2. c4 e6 3. g3 d5 4. Nf3 Be7 5. Bg2 O-O 6. O-O c6 7. Qc2 b6 8. Nbd2 c5 9. cxd5 exd5 10. Rd1 Bb7 11. b3 Nc6 12. Bb2 Rc8 13. Rac1 Ba6 14. e3 Nb4 15. Qc3 Nxa2 16. Qc2 Nxc1 17. Qxc1 cxd4 18. Qa1 dxe3 19. fxe3 Be2 20. Re1 Bd3 21. Qxa7 Ra8 22. Qb7 Qd6 23. Be5 Qe6 24. Bd4 Ba6 25. Qc7 Rac8 26. Qf4 h6 27. Nh4 Bd3 28. Qf2 Rc2 29. Nhf3 Ng4 30. Ng5 0-1

[Event "December 12 Early 2023"]
[Site "https://www.chess.com"]
[Date "2023.12.12"]
[Round "5"]
[White "Goh, Wei Ming Kevin"]
[Black "JG-17"]
[Result "1-0"]
[Board "53"]
[TimeControl "180+1"]
[WhiteFideId "5800706"]
[WhiteElo "2762"]
[BlackElo "2473"]
[WhiteTeam "SGP"]
[WhiteClock "0:02:09"]
[BlackClock "0:02:25"]

1. e4 c5 2. Nf3 d6 3. Bb5+ Bd7 4. Bxd7+ Qxd7 5. O-O Nc6 6. c3 Nf6 7. Re1 e5 8. d4 cxd4 9. cxd4 exd4 10. Nxd4 Be7 11. Nc3 O-O 12. Bg5 h6 13. Bh4 Rfe8 14. Nf5 Bf8 15. Bxf6 gxf6 16. Nd5 Re6 17. Re3 Ne7 18. Rg3+ Kh7 19. Ndxe7 Bxe7 20. Qg4 1-0

[Event "December 12 Early 2023"]
[Site "https://www.chess.com"]
[Date "2023.12.12"]
[Round "5"]
[White "Matveeva, Olga"]
[Black "Gormally, Daniel W"]
[Result "0-1"]
[Board "54"]
[TimeControl "180+1"]
[WhiteFideId "24107018"]
[BlackFideId "406465"]
[WhiteElo "2423"]
[BlackElo "2762"]
[WhiteTeam "RUS"]
[BlackTeam "ENG"]
[WhiteClock "0:00:03"]
[BlackClock "0:01:40"]

1. d4 Nf6 2. c4 e6 3. g3 d5 4. Nf3 dxc4 5. Bg2 Nbd7 6. Qa4 a6 7. Qxc4 b5 8. Qc2 Bb7 9. O-O Rc8 10. a4 b4 11. Rd1 c5 12. dxc5 Bxc5 13. Qb3 Qb6 14. e3 Bd5 15. Qd3 Qb7 16. Nh4 Bxg2 17. Nxg2 Ne5 18. Qe2 Nf3+ 19. Kh1 Ng4 20. h3 Nge5 21. Nd2 O-O 22. e4 Nd4 23. Qh5 Nd3 24. Rf1 g6 25. Qh6 Rfd8 26. Nc4 Bf8 27. Qe3 Nc2 28. Qb6 Qc7 29. Qxc7 Rxc7 30. Bf4 Nxf4 0-1

[Event "December 12 Early 2023"]
[Site "https://www.chess.com"]
[Date "2023.12.12"]
[Round "5"]
[White "Weetik, Vjacheslav"]
[Black "Santos, Rafael Ventura Dos"]
[Result "1-0"]
[Board "55"]
[TimeControl "180+1"]
[WhiteFideId "4153472"]
[BlackFideId "2122227"]
[WhiteElo "2754"]
[BlackElo "2299"]
[WhiteTeam "RUS"]
[BlackTeam "BRA"]
[WhiteClock "0:00:20"]
[BlackClock "0:01:20"]

1. e4 c5 2. d4 cxd4 3. c3 Nf6 4. e5 Nd5 5. Nf3 Nc6 6. cxd4 d6 7. Bc4 e6 8. O-O Be7 9. a3 O-O 10. Qe2 Bd7 11. Rd1 Rc8 12. Bxd5 exd5 13. Nc3 Be6 14. Bf4 a6 15. h3 Na5 16. exd6 Bxd6 17. Bxd6 Qxd6 18. Re1 Rc7 19. Qe5 Qxe5 20. dxe5 Nc4 21. Re2 b5 22. Nd4 Nxb2 23. Ncxb5 Rb7 24. Rxb2 axb5 25. Rxb5 Rxb5 26. Nxb5 Ra8 27. f4 Ra4 28. g3 g6 29. h4 Bf5 30. Nc3 Ra5 31. Kf2 d4 32. Ne2 d3 33. Nd4 Bc8 34. Ke3 Ba6 35. Nc6 Rc5 36. Nb4 Bb5 37. a4 Bd7 38. Nxd3 Ra5 39. Nb2 Kf8 40. Kd4 Ke7 41. Kc3 Kd8 42. Kb4 Ra8 43. Nc4 Kc7 44. a5 Rb8+ 45. Kc5 Rb5+ 46. Kd4 Kc6 47. a6 Rb8 48. Nd6 Ra8 49. Nxf7 Kb6 50. Ng5 h6 51. Ne4 Bc6 52. Nd6 Rxa6 53. Rxa6+ Kxa6 54. e6 Kb6 55. e7 Kc7 56. e8=Q Bxe8 57. Nxe8+ Kd7 58. Nf6+ Ke6 59. Ng4 h5 60. Ne5 Kf5 61. Ke3 Kf6 62. Ke4 Kg7 63. Nxg6 Kxg6 64. Ke5 Kg7 65. Kf5 Kh6 66. Kf6 Kh7 67. Kg5 Kg7 68. Kxh5 Kh7 69. Kg5 Kg7 70. g4 Kh7 71. h5 Kg7 72. f5 Kh7 73. Kf4 Kg7 74. g5 Kh7 75. Ke5 Kg7 76. f6+ Kf7 77. Kf5 Kg8 78. g6 Kh8 79. Ke6 Kg8 80. Ke7 Kh8 81. h6 Kg8 82. f7+ 1-0

[Event "December 12 Early 2023"]
[Site "https://www.chess.com"]
[Date "2023.12.12"]
[Round "5"]
[White "Bazyrtsyrenov, Kirill"]
[Black "Daroczi, Donat"]
[Result "1-0"]
[Board "56"]
[TimeControl "180+1"]
[WhiteFideId "24215872"]
[BlackFideId "788376"]
[WhiteElo "2751"]
[BlackElo "2293"]
[WhiteTeam "RUS"]
[BlackTeam "HUN"]
[WhiteClock "0:00:23"]
[BlackClock "0:00:29"]

1. e4 Nc6 2. Nf3 d6 3. d4 g6 4. Be3 Bg7 5. Qd2 Bg4 6. Nc3 Bxf3 7. gxf3 e5 8. Ne2 exd4 9. Nxd4 Nxd4 10. Bxd4 Bxd4 11. Qxd4 Qf6 12. O-O-O Qxd4 13. Rxd4 Ne7 14. f4 O-O 15. Bg2 Nc6 16. Rc4 f6 17. b4 a6 18. a4 Kg7 19. b5 axb5 20. axb5 Ra1+ 21. Kb2 Rxh1 22. Bxh1 Na7 23. Rxc7+ Rf7 24. b6 Nb5 25. Rc4 d5 26. exd5 Rd7 27. Rc5 Nd6 28. c4 Kf7 29. Kb3 Ke7 30. Bf3 Kd8 31. Ra5 Nf5 32. Kc3 h5 33. c5 Ke7 34. c6 1-0

[Event "December 12 Early 2023"]
[Site "https://www.chess.com"]
[Date "2023.12.12"]
[Round "5"]
[White "Deveci, Huseyin Said"]
[Black "Goltsev, Dmitry"]
[Result "0-1"]
[Board "57"]
[TimeControl "180+1"]
[WhiteFideId "26322455"]
[BlackFideId "24176710"]
[WhiteElo "2274"]
[BlackElo "2666"]
[WhiteTeam "TUR"]
[BlackTeam "RUS"]
[WhiteClock "0:01:30"]
[BlackClock "0:02:07"]

1. e4 e6 2. d4 d5 3. Nd2 c5 4. Ngf3 Nf6 5. e5 Ne4 6. c3 cxd4 7. cxd4 Nc6 8. Bd3 Nxd2 9. Bxd2 Be7 10. O-O Qb6 11. Bc3 Bd7 12. Rc1 Rc8 13. a3 Na5 14. Bxa5 Qxa5 15. Rxc8+ Bxc8 16. Qc2 Bd7 17. b4 Qxa3 18. Bxh7 g6 19. Bxg6 fxg6 20. Qxg6+ Kd8 21. Qg7 Re8 22. h4 Bb5 23. Re1 Qxb4 24. h5 Bd3 25. h6 a5 26. Rc1 a4 27. Ng5 Kd7 28. h7 Qd2 29. Rc7+ Kxc7 30. Nxe6+ Kb6 31. h8=Q Rxh8 32. Qxh8 a3 33. Qh6 Qxh6 0-1

[Event "December 12 Early 2023"]
[Site "https://www.chess.com"]
[Date "2023.12.12"]
[Round "5"]
[White "Borgaonkar Akshay"]
[Black "Nguyen, Ngoc Truong Son"]
[Result "0-1"]
[Board "58"]
[TimeControl "180+1"]
[WhiteFideId "25639110"]
[BlackFideId "12401110"]
[WhiteElo "2614"]
[BlackElo "2939"]
[WhiteTeam "IND"]
[BlackTeam "VIE"]
[WhiteClock "0:00:00"]
[BlackClock "0:00:20"]

1. Nf3 c6 2. e4 d5 3. Nc3 Nf6 4. e5 Ne4 5. Ne2 Bg4 6. d4 e6 7. Ng3 Bb4+ 8. c3 Nxc3 9. bxc3 Bxc3+ 10. Bd2 Bxd4 11. Rb1 Qc7 12. Ne2 Bxf3 13. gxf3 Bxe5 14. f4 Bf6 15. Ng3 g6 16. Bd3 Nd7 17. Qe2 h5 18. f5 h4 19. fxe6 Nc5 20. Nf1 Nxe6 21. Bxg6 O-O-O 22. Bf5 Rde8 23. Ne3 Kb8 24. Kd1 Nd4 25. Qd3 Ka8 26. Bc3 Qf4 27. Re1 Nxf5 28. Qxf5 Qxf5 29. Nxf5 Bxc3 30. Rxe8+ Rxe8 31. Kc2 Bf6 32. Nd6 Re2+ 33. Kd3 Rxf2 34. Nxb7 Rb2 0-1

[Event "December 12 Early 2023"]
[Site "https://www.chess.com"]
[Date "2023.12.12"]
[Round "5"]
[White "Spata, German"]
[Black "Baskakov, Egor"]
[Result "0-1"]
[Board "59"]
[TimeControl "180+1"]
[WhiteFideId "113026"]
[BlackFideId "24197866"]
[WhiteElo "2607"]
[BlackElo "2895"]
[WhiteTeam "ARG"]
[BlackTeam "RUS"]
[WhiteClock "0:00:00"]
[BlackClock "0:00:07"]

1. Nf3 Nf6 2. b3 e6 3. Bb2 d5 4. e3 Be7 5. d4 O-O 6. Bd3 Ne4 7. O-O f5 8. c4 c6 9. Ne5 Bd7 10. Nxd7 Nxd7 11. Nc3 Bd6 12. f4 Qh4 13. c5 Bc7 14. Nxe4 fxe4 15. Be2 g5 16. g3 Qh6 17. Bg4 gxf4 18. gxf4 Kh8 19. Kh1 Rae8 20. Qe2 Nf6 21. Rg1 Rg8 22. Rg2 Nxg4 23. Rxg4 Rxg4 24. Qxg4 Rg8 25. Qe2 Qh3 26. Rg1 Rxg1+ 27. Kxg1 Ba5 28. a3 Bd8 29. Bc1 Kg7 30. Qg2+ Qxg2+ 31. Kxg2 Kg6 32. Kh3 Ba5 33. b4 Bd8 34. Bd2 Kf5 35. Be1 Bc7 36. Bg3 a5 37. Kh4 a4 38. Kh5 b6 39. cxb6 Bxb6 40. h3 Bxd4 41. exd4 e3 42. Kh6 Ke4 43. Kxh7 Kxd4 44. h4 Ke4 45. h5 d4 46. h6 d3 47. Kg7 d2 48. h7 d1=Q 49. h8=Q Qg4+ 50. Kf6 Qxg3 51. Kxe6 Qg4+ 52. Kd6 Qxf4+ 53. Kxc6 e2 54. Qc3 Qe3 55. Qe1 Qd3 56. b5 Qc2+ 57. Kb7 Qd1 58. Qh4+ Kd3 59. Qh7+ Kc3 60. Qc7+ Kb3 61. Qf7+ Kxa3 0-1

[Event "December 12 Early 2023"]
[Site "https://www.chess.com"]
[Date "2023.12.12"]
[Round "5"]
[White "Riehle, Marco"]
[Black "Guliev, Logman"]
[Result "1-0"]
[Board "60"]
[TimeControl "180+1"]
[WhiteFideId "12904392"]
[BlackFideId "13400061"]
[WhiteElo "2879"]
[BlackElo "2590"]
[WhiteTeam "GER"]
[BlackTeam "AZE"]
[WhiteClock "0:00:57"]
[BlackClock "0:00:00"]

1. e4 c5 2. a3 e6 3. b4 Nc6 4. b5 Nb8 5. Nf3 d6 6. Bb2 Nf6 7. d3 Be7 8. Be2 O-O 9. O-O b6 10. c4 Bb7 11. a4 Nbd7 12. a5 Rb8 13. Nc3 Qc7 14. Qd2 d5 15. axb6 axb6 16. Ra7 dxe4 17. dxe4 Ra8 18. Rfa1 Rxa7 19. Rxa7 Qb8 20. Ra1 Rd8 21. Qc2 Bd6 22. Rd1 Be5 23. Nxe5 Nxe5 24. f3 Rd4 25. Na4 Rxd1+ 26. Qxd1 Nfd7 27. Bxe5 Nxe5 28. Nxb6 h6 29. Nd7 Qc7 30. Nxe5 Qxe5 31. b6 Qb2 32. Qd8+ Kh7 33. Kf2 Ba6 34. Ke3 Qb3+ 35. Kf4 Qb2 36. Bd3 Qc1+ 37. Kg3 Qe1+ 38. Kh3 g5 39. e5+ Kg7 40. Qf6+ Kg8 41. Qxh6 Qh4+ 42. Qxh4 gxh4 43. Be4 1-0

[Event "December 12 Early 2023"]
[Site "https://www.chess.com"]
[Date "2023.12.12"]
[Round "5"]
[White "Aghasiyev, Kamal"]
[Black "Kazakouski, Valery"]
[Result "0-1"]
[Board "61"]
[TimeControl "180+1"]
[WhiteFideId "13402854"]
[BlackFideId "13507443"]
[WhiteElo "2574"]
[BlackElo "2851"]
[WhiteTeam "AZE"]
[BlackTeam "LTU"]
[WhiteClock "0:00:02"]
[BlackClock "0:00:21"]

1. e4 c5 2. Nf3 a6 3. c3 d5 4. exd5 Qxd5 5. d4 Bg4 6. Be2 Nf6 7. O-O e6 8. c4 Qd6 9. Be3 Nbd7 10. Nc3 Rc8 11. h3 Bh5 12. Qa4 cxd4 13. Nxd4 Bxe2 14. Ndxe2 Be7 15. c5 Qe5 16. Rad1 Bxc5 17. Bxc5 Rxc5 18. Rfe1 Qc7 19. Rd3 O-O 20. Red1 Ne5 21. Rg3 Rc8 22. Qf4 Ng6 23. Qf3 b5 24. a3 Rf5 25. Qe3 h6 26. Nd4 Re5 27. Qf3 Rd8 28. h4 Nh5 29. Rg4 Rd7 30. Nb3 Rxd1+ 31. Qxd1 Nf6 32. Rd4 Kh7 33. g3 Ne7 34. Qd3+ g6 35. Rf4 Kg7 36. Qd4 Nf5 37. Qd2 Qc6 38. Nd4 Nxd4 39. Rxd4 g5 40. hxg5 hxg5 41. Rd6 Qb7 42. Rd4 g4 43. Nd1 Rh5 44. f3 Qxf3 45. Nf2 Qxg3+ 46. Kf1 Qf3 47. Qc3 Rh1# 0-1

[Event "December 12 Early 2023"]
[Site "https://www.chess.com"]
[Date "2023.12.12"]
[Round "5"]
[White "Espinoza Villanueva, Rodrigo"]
[Black "Brodsky, David"]
[Result "0-1"]
[Board "62"]
[TimeControl "180+1"]
[WhiteFideId "5140188"]
[BlackFideId "2073250"]
[WhiteElo "2589"]
[BlackElo "2815"]
[WhiteTeam "MEX"]
[BlackTeam "USA"]
[WhiteClock "0:00:00"]
[BlackClock "0:00:04"]

1. Nf3 a6 2. g3 h6 3. Bg2 Nc6 4. O-O e5 5. d3 d5 6. c4 dxc4 7. dxc4 Qxd1 8. Rxd1 Be6 9. b3 e4 10. Ne1 f5 11. Bb2 Nf6 12. Nc2 Bd6 13. Nc3 Be5 14. Na4 Bxb2 15. Nxb2 Rd8 16. Na4 Ke7 17. Nc3 g5 18. Rxd8 Rxd8 19. Rd1 Rxd1+ 20. Nxd1 Kd6 21. Nc3 Ke5 22. Kf1 f4 23. Ke1 h5 24. Na4 b6 25. e3 f3 26. Bf1 Nd7 27. Kd2 a5 28. Kc3 Nf6 29. Nd4 Bd7 30. Nb2 h4 31. a3 Be8 32. c5 bxc5 33. Nc4+ Kd5 34. Nb5 Ke6 35. Nxc7+ Ke7 36. Nxe8 Kxe8 37. a4 Ke7 38. Bh3 g4 39. Bf1 hxg3 40. hxg3 Nh5 41. Nb6 Kd6 42. Kc4 Ne5+ 43. Kb5 Nd3 44. Bxd3 exd3 45. Nc4+ Kd5 46. Kxa5 Nxg3 0-1

[Event "December 12 Early 2023"]
[Site "https://www.chess.com"]
[Date "2023.12.12"]
[Round "5"]
[White "Cordoba Roa, Angel Gabriel"]
[Black "Tatarinov, Dmitry"]
[Result "1-0"]
[Board "63"]
[TimeControl "180+1"]
[WhiteFideId "3957624"]
[BlackFideId "24160067"]
[WhiteElo "2568"]
[BlackElo "2780"]
[WhiteTeam "COL"]
[BlackTeam "RUS"]
[WhiteClock "0:01:43"]
[BlackClock "0:01:06"]

1. e4 c5 2. Nf3 e6 3. g3 Nc6 4. Bg2 Nf6 5. Qe2 d5 6. exd5 Nxd5 7. O-O Be7 8. Rd1 Nd4 9. Nxd4 cxd4 10. c3 O-O 11. cxd4 Bd7 12. Nc3 Bc6 13. d3 Qd7 14. Ne4 Rfd8 15. Bd2 Rac8 16. Bc3 b6 17. Re1 Qb7 18. Qf1 Bf8 19. Rac1 h6 20. h4 Ne7 21. Nd2 Bxg2 22. Qxg2 Qa6 23. Qe4 Nd5 24. Nc4 b5 25. Ne5 b4 26. Bd2 Qxa2 27. Nxf7 Nf6 28. Nxh6+ gxh6 29. Qg6+ Bg7 30. Bxh6 Ne8 31. Rxc8 Rxc8 32. Rxe6 Kf8 33. Rxe8+ Rxe8 34. Qxg7# 1-0

[Event "December 12 Early 2023"]
[Site "https://www.chess.com"]
[Date "2023.12.12"]
[Round "5"]
[White "Lagarde, Maxime"]
[Black "Andreev, Konstantin"]
[Result "1-0"]
[Board "64"]
[TimeControl "180+1"]
[WhiteFideId "662399"]
[BlackFideId "24239305"]
[WhiteElo "2770"]
[BlackElo "2564"]
[WhiteTeam "FRA"]
[BlackTeam "ITA"]
[WhiteClock "0:00:27"]
[BlackClock "0:01:30"]

1. d4 Nf6 2. Bg5 Ne4 3. h4 h6 4. Bf4 d5 5. Nd2 Nf6 6. e3 Bf5 7. Ne2 Nbd7 8. Ng3 Bh7 9. Bd3 c5 10. Bxh7 Nxh7 11. c3 e6 12. Nf3 Nhf6 13. Qd3 Qb6 14. O-O-O c4 15. Qc2 Bd6 16. Kb1 Bxf4 17. exf4 O-O-O 18. Ne5 Rhf8 19. Rde1 Kb8 20. f5 Nxe5 21. Rxe5 Nd7 22. Re2 exf5 23. Qxf5 Qd6 24. Rhe1 g6 25. Qf3 Nf6 26. Re5 h5 27. R1e2 Ng4 28. Re7 Nf6 29. Re1 Rde8 30. Rxe8+ Nxe8 31. Qe3 Nf6 32. Qe7 Qxe7 33. Rxe7 Kc8 34. f3 Ng8 35. Re5 Rd8 36. Ne2 f6 37. Re3 Kd7 38. Nf4 Ne7 39. Ne6 Re8 40. Nc5+ Kc8 41. Re6 b6 42. Na6 f5 43. Nb4 Kd7 44. Re5 Kd6 45. Nxd5 1-0

[Event "December 12 Early 2023"]
[Site "https://www.chess.com"]
[Date "2023.12.12"]
[Round "5"]
[White "Bardyk, Artem"]
[Black "Santos Flores, Alberto"]
[Result "1-0"]
[Board "65"]
[TimeControl "180+1"]
[WhiteFideId "34349979"]
[BlackFideId "3601234"]
[WhiteElo "2764"]
[BlackElo "2554"]
[WhiteTeam "RUS"]
[BlackTeam "ECU"]
[WhiteClock "0:00:04"]
[BlackClock "0:00:00"]

1. e4 e6 2. d4 d5 3. Nc3 Nf6 4. exd5 exd5 5. Bg5 Be7 6. Qd2 O-O 7. O-O-O Re8 8. Bd3 c6 9. Nf3 Bg4 10. Rde1 Bxf3 11. gxf3 Nh5 12. Bxe7 Rxe7 13. Rxe7 Qxe7 14. Re1 Qd8 15. Ne2 Nd7 16. Ng3 Qh4 17. Nxh5 Qxh5 18. Qf4 Nf6 19. Rg1 Kh8 20. a3 Re8 21. Kb1 Qh6 22. Qc7 Kg8 23. Qxb7 Qxh2 24. Rf1 h5 25. Qxc6 h4 26. Qb7 h3 27. Bb5 Qg2 28. Rc1 Rf8 29. Bf1 Qxf3 30. Qb3 Qxb3 31. cxb3 h2 32. Bg2 Re8 33. Rh1 Re2 34. Rxh2 Rxf2 35. Ka2 Ng4 36. Rh5 Rxg2 37. Rxd5 Rd2 38. Rd8+ Kh7 39. Rd7 Kg6 40. Rxa7 Rxd4 41. b4 Ne5 42. b5 f5 43. b6 f4 44. b7 Nc6 45. Ra6 Kf5 46. Rxc6 1-0

[Event "December 12 Early 2023"]
[Site "https://www.chess.com"]
[Date "2023.12.12"]
[Round "5"]
[White "Silva Lucena, Cristian"]
[Black "Srihari L R"]
[Result "0-1"]
[Board "66"]
[TimeControl "180+1"]
[WhiteFideId "2232588"]
[BlackFideId "46617116"]
[WhiteElo "2530"]
[BlackElo "2738"]
[WhiteTeam "ESP"]
[BlackTeam "IND"]
[WhiteClock "0:00:22"]
[BlackClock "0:01:18"]

1. d4 d6 2. e4 Nf6 3. Nc3 e5 4. Nf3 exd4 5. Nxd4 Be7 6. g3 O-O 7. Bg2 Re8 8. O-O Nbd7 9. h3 Bf8 10. Re1 a5 11. a4 Nc5 12. Kh2 c6 13. f4 Qb6 14. Rb1 g6 15. Be3 Ncxe4 16. Nxe4 Nxe4 17. Ne6 c5 18. Nxf8 Kxf8 19. Bxe4 Rxe4 20. Qd5 Qc6 21. Qg5 Bf5 22. Bd2 Rae8 23. Qh6+ Kg8 24. Bc3 Re2+ 0-1

[Event "December 12 Early 2023"]
[Site "https://www.chess.com"]
[Date "2023.12.12"]
[Round "5"]
[White "Pakleza, Zbigniew"]
[Black "Baziuk, Vladyslav"]
[Result "1-0"]
[Board "67"]
[TimeControl "180+1"]
[WhiteFideId "1119290"]
[BlackFideId "34107940"]
[WhiteElo "2691"]
[BlackElo "2529"]
[WhiteTeam "POL"]
[BlackTeam "UKR"]
[WhiteClock "0:00:15"]
[BlackClock "0:00:05"]

1. d4 c5 2. c3 Nf6 3. Nf3 cxd4 4. cxd4 b6 5. Nc3 Bb7 6. Bf4 g6 7. e3 Bg7 8. h3 O-O 9. Be2 d6 10. O-O Nbd7 11. Qa4 Ne4 12. Nxe4 Bxe4 13. Rac1 Bb7 14. Rc2 e5 15. Bg5 f6 16. Bh4 Rc8 17. Rxc8 Qxc8 18. Qxa7 Qc6 19. Bb5 Qxb5 20. Qxb7 h6 21. b3 Rf7 22. Rc1 f5 23. Rc7 g5 24. Bxg5 hxg5 25. Nxg5 Re7 26. Qc8+ Bf8 27. d5 Qxd5 28. Rxd7 Rxd7 29. Qxd7 Bg7 30. Qe8+ Bf8 1-0

[Event "December 12 Early 2023"]
[Site "https://www.chess.com"]
[Date "2023.12.12"]
[Round "5"]
[White "Schnaider, Ilan"]
[Black "Derjabin, Ilja"]
[Result "0-1"]
[Board "68"]
[TimeControl "180+1"]
[WhiteFideId "169013"]
[BlackFideId "14104768"]
[WhiteElo "2677"]
[BlackElo "2519"]
[WhiteTeam "ARG"]
[BlackTeam "UKR"]
[WhiteClock "0:00:00"]
[BlackClock "0:00:12"]

1. e4 e6 2. d4 d5 3. Nd2 Nf6 4. e5 Ne4 5. Nxe4 dxe4 6. Bc4 a6 7. Ne2 b5 8. Bb3 c5 9. c3 cxd4 10. cxd4 Bb7 11. O-O Nc6 12. Be3 Be7 13. Nf4 Nb4 14. Bxe6 fxe6 15. Nxe6 Qd7 16. Nxg7+ Kd8 17. Bf4 Nd3 18. Bg3 Rg8 19. e6 Qd5 20. Nh5 e3 21. f3 Nxb2 22. Qc2 Nc4 23. Qxh7 Rf8 24. Kh1 Qxe6 25. d5 Bxd5 26. Nf4 Rxf4 27. Bxf4 Kd7 28. Qh5 Rg8 29. Rfd1 Kc6 30. Qh7 e2 31. Re1 Rf8 32. Bg3 Rxf3 33. Qh5 Re3 34. Qh8 Kd7 35. Qb8 Bd6 36. Qa7+ Ke8 37. Bxd6 Nxd6 38. Qb8+ Kf7 39. Qc7+ Qe7 40. Qxe7+ Kxe7 41. Rac1 Bc4 42. a4 Nf5 43. axb5 axb5 44. Kg1 Nd4 45. Kf2 Re6 46. Ra1 Rf6+ 47. Kg3 Nc2 48. Ra7+ Kf8 49. Ra8+ Kg7 50. Ra7+ Rf7 51. Rxe2 Bxe2 52. Ra2 Bd3 53. Rb2 b4 54. h4 Rb7 55. h5 b3 56. Kh4 Ne3 57. g4 Bc2 58. g5 Rb4+ 59. Kg3 Kf7 60. h6 Kg6 0-1

[Event "December 12 Early 2023"]
[Site "https://www.chess.com"]
[Date "2023.12.12"]
[Round "5"]
[White "BestStelker"]
[Black "Lehtosaari, Mauri"]
[Result "0-1"]
[Board "69"]
[TimeControl "180+1"]
[BlackFideId "501999"]
[WhiteElo "2669"]
[BlackElo "2480"]
[BlackTeam "FIN"]
[WhiteClock "0:00:00"]
[BlackClock "0:00:12"]

1. d4 d5 2. Nf3 Nf6 3. c3 c5 4. dxc5 a5 5. e3 Nc6 6. Bb5 e6 7. b4 Bd7 8. O-O Ne4 9. Bb2 Be7 10. Nbd2 Nxd2 11. Qxd2 O-O 12. a3 Bf6 13. c4 Bxb2 14. Qxb2 dxc4 15. Bxc4 Qc7 16. Rfc1 Ne7 17. Ne5 Bc6 18. b5 Bd5 19. Bxd5 Nxd5 20. Rc2 h6 21. Rac1 a4 22. c6 bxc6 23. Rxc6 Qb7 24. Nc4 Rab8 25. Nd6 Qe7 26. e4 Nf4 27. Qd2 Qg5 28. Qxf4 Qxf4 29. f3 Qe3+ 30. Kh1 Qxa3 31. h4 Qb2 32. R6c2 Qb4 33. e5 a3 0-1

[Event "December 12 Early 2023"]
[Site "https://www.chess.com"]
[Date "2023.12.12"]
[Round "5"]
[White "Tokhirjonova, Gulrukhbegim"]
[Black "Kozelov, Roman"]
[Result "1-0"]
[Board "70"]
[TimeControl "180+1"]
[WhiteFideId "14203626"]
[BlackFideId "14133377"]
[WhiteElo "2664"]
[BlackElo "2436"]
[WhiteTeam "USA"]
[BlackTeam "UKR"]
[WhiteClock "0:00:18"]
[BlackClock "0:00:00"]

1. Nf3 Nf6 2. g3 d5 3. Bg2 Nc6 4. O-O e5 5. d3 Bd6 6. Nbd2 Be6 7. e4 h6 8. Re1 O-O 9. c3 Qd7 10. Nh4 Bg4 11. Qc2 dxe4 12. dxe4 Ne7 13. Nc4 Rad8 14. Be3 Qb5 15. b3 Be6 16. Bf1 Qc6 17. f3 b6 18. a4 a5 19. Rad1 Ng6 20. Nf5 Bxf5 21. exf5 Ne7 22. Bg2 Qd7 23. g4 Ned5 24. Bc1 Rfe8 25. h4 Nf4 26. Bf1 Qc6 27. Kf2 Bc5+ 28. Kg3 Rxd1 29. Rxd1 N6h5+ 30. gxh5 Nxh5+ 31. Kg2 e4 32. Be2 e3 33. b4 axb4 34. cxb4 Qf6 35. bxc5 Qxh4 36. Bxe3 1-0

[Event "December 12 Early 2023"]
[Site "https://www.chess.com"]
[Date "2023.12.12"]
[Round "5"]
[White "Vishnu Prasanna. V"]
[Black "Begunov, Konstantin"]
[Result "1-0"]
[Board "71"]
[TimeControl "180+1"]
[WhiteFideId "5030692"]
[BlackFideId "4118510"]
[WhiteElo "2663"]
[BlackElo "2439"]
[WhiteTeam "IND"]
[BlackTeam "RUS"]
[WhiteClock "0:01:38"]
[BlackClock "0:00:00"]

1. c4 c6 2. Nf3 d5 3. e3 Nf6 4. Nc3 a6 5. d4 Bg4 6. h3 Bxf3 7. Qxf3 e6 8. a3 Nbd7 9. Bd2 Bd6 10. g4 h6 11. h4 g6 12. g5 hxg5 13. hxg5 Nh5 14. e4 dxc4 15. Bxc4 Be7 16. e5 Bxg5 17. Bxg5 Qxg5 18. Ne4 Qe7 19. Nd6+ Kf8 20. O-O-O Kg7 21. Rdg1 c5 22. Rxh5 Rxh5 23. Qxh5 cxd4 24. Bd3 Nf8 25. f4 Qc7+ 26. Kb1 Qc6 27. Qh3 1-0

[Event "December 12 Early 2023"]
[Site "https://www.chess.com"]
[Date "2023.12.12"]
[Round "5"]
[White "Bazilius, Augustinas"]
[Black "Wadsworth, Matthew J"]
[Result "0-1"]
[Board "72"]
[TimeControl "180+1"]
[WhiteFideId "12832251"]
[BlackFideId "415804"]
[WhiteElo "2429"]
[BlackElo "2661"]
[WhiteTeam "LTU"]
[BlackTeam "ENG"]
[WhiteClock "0:00:00"]
[BlackClock "0:00:09"]

1. d4 Nf6 2. c4 c5 3. d5 e6 4. Nc3 exd5 5. cxd5 d6 6. Nf3 g6 7. Bf4 a6 8. e4 Bg7 9. Be2 O-O 10. a4 Re8 11. Nd2 Nbd7 12. Bxd6 Nh5 13. Bxh5 gxh5 14. O-O Qb6 15. Nc4 Qb4 16. Qd3 Nb6 17. Nxb6 Qxb6 18. e5 Bd7 19. a5 Qb4 20. Rfe1 Rac8 21. Qg3 Kh8 22. Ne4 Qxb2 23. Nxc5 Bf5 24. Qf4 Bg6 25. Rac1 Qa2 26. Rcd1 Qxa5 27. Ne4 Qa4 28. Qf3 Rc4 29. Ng5 Rf4 30. Qg3 Rg4 31. Qf3 Rxg5 32. e6 fxe6 33. dxe6 Qg4 34. Qxb7 h4 35. h3 Qxh3 36. Bh2 Qg4 37. e7 h3 38. g3 Rf5 39. Rd8 Bf6 40. Rxe8+ Bxe8 41. Qa8 Qg8 42. Rd1 Re5 43. Rd8 Rxe7 44. Qxa6 Re1+ 0-1

[Event "December 12 Early 2023"]
[Site "https://www.chess.com"]
[Date "2023.12.12"]
[Round "5"]
[White "Zivic, Dragan"]
[Black "Gontcharov, Vladislav"]
[Result "0-1"]
[Board "73"]
[TimeControl "180+1"]
[WhiteFideId "904740"]
[BlackFideId "4123492"]
[WhiteElo "2417"]
[BlackElo "2658"]
[WhiteTeam "SRB"]
[BlackTeam "RUS"]
[WhiteClock "0:02:04"]
[BlackClock "0:01:51"]

1. c4 c5 2. Nc3 Nc6 3. Nf3 g6 4. g3 Bg7 5. Bg2 d6 6. d3 Nf6 7. O-O Bf5 8. h3 h5 9. e4 Be6 10. Bg5 Qd7 11. Kh2 Ng4+ 12. Kg1 Nge5 13. Nxe5 Bxe5 14. Kh2 h4 15. f4 hxg3+ 16. Kxg3 Bd4 17. Nd5 f6 18. Bxf6 exf6 0-1